 Dungeon Crawl Stone Soup version 0.22.0 (webtiles) character file.

54 FireSwallow the Caller (level 3, 7/20 HPs)
             Began as a Tengu Summoner on Jan 12, 2019.
             Starved to death
             ... on level 2 of the Dungeon.
             The game lasted 00:29:49 (2709 turns).

FireSwallow the Caller (Tengu Summoner)             Turns: 2709, Time: 00:29:50

Health: 7/20       AC:  6    Str: 13    XL:     3   Next: 91%
Magic:  7/7        EV: 10    Int: 16    God:
Gold:   29         SH:  0    Dex: 14    Spells: 3/6 levels left

rFire    . . .     SeeInvis .   h - +0 dagger
rCold    . . .     Gourm    .   (no shield)
rNeg     . . .     Faith    .   j - +0 scale mail
rPois    .         Spirit   .   (helmet restricted)
rElec    .         Reflect  .   (no cloak)
rCorr    .         Harm     .   (no gloves)
MR       .....                  (boots unavailable)
Stlth    ..........             (no amulet)
HPRegen  0.06/turn              b - ring of attention (curse)
MPRegen  0.10/turn              (no ring)

@: mighty, berserk cooldown, fainting, slowed, very slow
A: beak, talons 3
a: no special abilities


You were on level 2 of the Dungeon.
You were fainting.

You visited 1 branch of the dungeon, and saw 3 of its levels.

You collected 29 gold pieces.

Inventory:

Hand Weapons
 f - a +0 club
 g - a +0 club
 h - a +0 dagger (weapon)
 p - a +0 club
 q - a +0 dagger
 u - a +0 club
 v - a +0 whip
 w - a +0 dagger
 x - a +0 dagger
 y - a cursed +0 whip
Missiles
 d - 31 stones (quivered)
 i - 21 sling bullets
Armour
 a - a +0 robe
 j - a +0 scale mail (worn)
 m - a +0 chain mail
 s - a +0 robe
Jewellery
 b - a cursed ring of attention (left hand)
 k - a +4 ring of intelligence {unknown}
Scrolls
 c - 2 scrolls of random uselessness
 l - a scroll of teleportation {unknown}
 n - 3 scrolls of remove curse {unknown}
 r - a scroll of fog {unknown}
Potions
 o - a potion of cancellation {unknown}
 z - a potion of degeneration {unknown}


   Skills:
 + Level 0.4 Fighting
 + Level 1.1 Short Blades
 + Level 0.2 Maces & Flails
 + Level 1.3 Armour
 + Level 2.3 Dodging
 + Level 2.0 Stealth
 + Level 2.3 Spellcasting
 + Level 5.5 Summonings


You had 3 spell levels left.
You knew the following spells:

 Your Spells              Type           Power        Failure   Level  Hunger
a - Summon Small Mammal   Summ           ###.         10%         1    #......
b - Call Imp              Summ           ###.....     14%         2    ###....

Your spell library contained the following spells:

 Spells                   Type           Power        Failure   Level  Hunger
 Summon Ice Beast         Ice/Summ       ##......     96%         4    #####..
 Call Canine Familiar     Summ           ###.....     28%         3    ###....
 Summon Lightning Spire   Summ/Air       ##......     96%         4    #####..
 Summon Guardian Golem    Hex/Summ       ##......     65%         3    ###....


Dungeon Overview and Level Annotations

Branches:
Dungeon (3/15)

Altars:
Yredelemnul


Innate Abilities, Weirdness & Mutations

You have a beak for a mouth.
You have claws for feet.


Message History

a short sword; a stone You feel a strong urge to attack something.
You puncture the rat!
You kill the rat!
The bat hits you but does no damage. The bat hits you but does no damage.
Things that are here:
a short sword; a stone You feel a strong urge to attack something.
The bat barely misses you.
You see here a stone.
You hit the bat.
You kill the bat!
d - 30 stones (gained 1)
You are no longer berserk.
You are exhausted.
You feel yourself slow down.
d - 31 stones (gained 1)
You have starved to death.
You die...

#.......# ####.####
############
#.######
#.>........#
#.......
####.###.#.##.#####
########
#........#........#
#.##.##..#..#.#
#.##........#)#
#.#####.....@.# #.#
#.###.### ## #.#
#.....# .. #.#
####### ##. #.# #..
##.## #.## ####
##...## ##.####...
##.....## .#
#.........
#.......# ...
#.######...


There were no monsters in sight!

Vanquished Creatures
  2 adders (D:2)
  An adder skeleton (D:2)
  A worm (D:2)
  A leopard gecko (D:1)
  2 bats
  3 goblins
  4 hobgoblins
  2 jackals (D:1)
  3 frilled lizards
  A kobold (D:2)
  8 rats
28 creatures vanquished.

Vanquished Creatures (collateral kills)
  2 bats
  A giant cockroach (D:1)
  4 goblins
  A jackal (D:1)
8 creatures vanquished.

Grand Total: 36 creatures vanquished

Notes
Turn   | Place    | Note
-------+----------+-------------------------------------------
     0 | D:1      | FireSwallow the Tengu Summoner began the quest for the Orb.
     0 | D:1      | Reached XP level 1. HP: 10/10 MP: 4/4
   250 | D:1      | Reached skill level 5 in Summonings
   465 | D:1      | Reached XP level 2. HP: 14/15 MP: 4/6
  1445 | D:1      | Learned a level 2 spell: Call Imp
  1458 | D:2      | Reached skill level 1 in Armour
  1458 | D:2      | Reached XP level 3. HP: 17/19 MP: 1/7
  1681 | D:2      | Reached skill level 1 in Short Blades
  2007 | D:2      | Found a basalt altar of Yredelemnul.
  2621 | D:2      | Paralysed by fainting for 9 turns
  2657 | D:2      | Paralysed by fainting for 9 turns
  2709 | D:2      | Starved to death

Skill      XL: |  1  2  3 |
---------------+----------+-----
Summonings     | 5 |  5.5
Armour         | 1 |  1.3
Short Blades   | 1 |  1.1
Fighting       | |  0.4
Maces & Flails | |  0.2
Dodging        | |  2.3
Stealth        | |  2.0
Spellcasting   | |  2.3

Action                   || total
-------------------------++-------
Melee: Unarmed           ||     9
       Club              ||    16
       Kick              ||    20
       Peck              ||    18
       Dagger            ||    75
 Cast: Summon Small Mamm ||    17
       Call Imp          ||     3
  Use: Potion            ||     3
       Scroll            ||     2
  Eat: Ration            ||     1
Armor: Robe              ||     7
       Scale mail        ||   113
Dodge: Dodged            ||   103
